 Dungeon Crawl Stone Soup version 0.28.0-53-g5a82cb258f (webtiles) character file.

Game seed: 13868111224046316565

16 Descartes the Grasshopper (level 2, 0/22 HPs)
             Began as a Formicid Warper on July 12, 2022.
             Slain by a goblin
             ... wielding a +0 club
             ... led by Robin
              (3 damage)
             ... on level 2 of the Dungeon.
             The game lasted 00:01:56 (1427 turns).

Descartes the Grasshopper (Formicid Warper)         Turns: 1427, Time: 00:01:56

Health: 0/22       AC:  3    Str: 15    XL:     2   Next: 75%
Magic:  5/5        EV: 11    Int: 12    God:
Gold:   23         SH:  0    Dex: 10    Spells: 5/5 levels left

rFire   . . .      SeeInvis +   f - +1 falchion (flame)
rCold   . . .      Faith    .   (no shield)
rNeg    . . .      Spirit   .   b - +0 leather armour
rPois   .          Reflect  .   (helmet unavailable)
rElec   .          Harm     .   (no cloak)
rCorr   .          Rampage  .   (no gloves)
Will    .....                   (no boots)
Stlth   +.........              (no amulet)
HPRegen 0.07/turn               (no ring)
MPRegen 0.09/turn               (no ring)

@: no status effects
A: permanent stasis, dig shafts and tunnels, antennae 3, four strong arms
a: Dig, Shaft Self


You were on level 2 of the Dungeon.
You visited 1 branch of the dungeon, and saw 2 of its levels.

You collected 23 gold pieces.

Inventory:

Hand Weapons
 a - a +0 hand axe
 f - a +1 falchion of flaming (weapon)
Missiles
 c - 5 boomerangs of dispersal (quivered)
 d - 25 stones
Armour
 b - a +0 leather armour (worn)
Jewellery
 h - an amulet of the acrobat
Scrolls
 e - a scroll of summoning {unknown}
 g - a scroll of fog {unknown}


   Skills:
 - Level 2.1 Fighting
 - Level 2.0 Axes
 - Level 1.0 Throwing
 + Level 2.1 Armour
 - Level 1.7 Dodging
 + Level 1.7 Shields
 - Level 2.1 Spellcasting
 - Level 2.6 Translocations


You had 5 spell levels left.
You didn't know any spells.
Your spell library contained the following spells:

 Spells                   Type           Power      Damage    Failure   Level
 Sandblast                Erth           2%         2d4       32%         1
 Gell's Gravitas          Tloc           7%         N/A       32%         3
 Lesser Beckoning         Tloc           7%         N/A       32%         3
 Teleport Other           Tloc           7%         N/A       32%         3
 Manifold Assault         Tloc           7%         N/A       97%         5
 Blink                    Tloc           Unusable   N/A       N/A         2

Dungeon Overview and Level Annotations

Branches:
Dungeon (2/15)

Altars:

Shops:
D:1 (

Annotations:
D:2 Robin


Innate Abilities, Weirdness & Mutations

You cannot be hasted, slowed, berserked, paralysed or teleported.
You can dig through walls and to a lower floor.
You have a pair of large antennae on your head. (SInv)
Your four strong arms can wield two-handed weapons with a shield.


Message History

A goblin comes into view. It is wielding a +0 dagger.
You hear a shout!
You barely miss the goblin. The goblin hits you with a +0 dagger.
A hobgoblin comes into view.
The goblin hits you but does no damage.
You closely miss the goblin. The goblin hits you with a +0 dagger.
You barely miss the goblin.
Robin roars a battlecry!
The goblins go into a battle-frenzy!
The goblin hits you but does no damage. The goblin barely misses you.
You hear a shout!
You barely miss the goblin. The goblin misses you.
The goblin closely misses you. The goblin hits you but does no damage.
The goblin barely misses you.
You slash Robin! You burn Robin.
Robin is severely wounded.
A hobgoblin comes into view.
The goblin hits you with a +0 dagger. The goblin barely misses you.
You completely miss Robin.
Robin is severely wounded.
Robin barely misses you. The goblin hits you with a +0 club.
The goblin hits you but does no damage. The goblin closely misses you.
Robin hits you with a +0 dagger.
You completely miss Robin.
Robin is severely wounded.
The goblin hits you with a +0 club. The goblin hits you but does no damage.
The goblin hits you with a +0 club.
* * * LOW HITPOINT WARNING * * *
A goblin comes into view. It is wielding a +0 club.
Robin closely misses you. The goblin closely misses you.
A goblin comes into view. It is wielding a +0 club.
The goblin closely misses you. The goblin barely misses you.
The goblin shouts! x2
You slash the goblin! You burn the goblin.
You kill the goblin!
You hear a shout!
Robin hits you with a +0 dagger.
* * * LOW HITPOINT WARNING * * *
The goblin hits you with a +0 club.
You die...

#.# #.# #.#
#.# #.# #.#
#.# # #)#.##
#@g..#
......gg#g.#
#######g#..#
#g# .#
#g#{.# #.# #
#.# ..g


You could see Robin, 2 hobgoblins and 5 goblins.

Vanquished Creatures
  An endoplasm (D:1)
  6 goblins
  A hobgoblin (D:1)
  3 kobolds (D:1)
  2 quokkas (D:1)
  2 bats (D:1)
15 creatures vanquished.

Notes
Turn   | Place    | Note
-------+----------+-------------------------------------------
     0 | D:1      | Descartes the Formicid Warper began the quest for the Orb.
     0 | D:1      | Reached XP level 1. HP: 16/16 MP: 3/3
   229 | D:1      | Reached skill level 1 in Shields
   232 | D:1      | Found Enehal's Antique Weapon Boutique.
   599 | D:1      | Reached XP level 2. HP: 11/22 MP: 5/5
   878 | D:1      | Found a faded altar of an unknown god.
   883 | D:1      | Got Plato's Almanac of Clay
  1418 | D:2      | Noticed Robin
  1427 | D:2      | Slain by a goblin

Illustrated notes

Levels and vault maps discovered:
D:1:      dpeg_arrival_three_same_balls, layout_basic,
          shapermc_ecumenical_altar_rom_forum, serial_shops, shop
D:2:      layout_basic, basic_altar, uniq_robin

Skill      XL: |  1  2 |
---------------+-------+-----
Shields        | 1 |  1.7
Armour         | 2 |  2.1
Fighting       | |  2.1
Axes           | |  2.0
Throwing       | |  1.0
Dodging        | |  1.7
Spellcasting   | |  2.1
Translocations | |  2.6

Action                   || total
-------------------------++-------
Melee: Hand axe          ||    41
       Falchion          ||     8
Armor: Leather armour    ||    17
Dodge: Dodged            ||    36
